Unix NetHack Version 3.7.0-102 Work-in-progress - last build Apr 6 2024 13:22:21 (d302a6a9ff6341f1a922d8f5af178406b35fdf99,branch:master). Game began 2024-04-18 11:33:08, ended 2024-04-18 19:45:01. Dictyostelium, lawful female human Samurai --- ---- --- --[.| |..--- |..-- |@u.--- |....-- --....| |.a...-- --....| ----|.....| S...-- -...| |..--....-- ....| ---- ....- |.....---- ...-- |...----.... --...| ...-- --.....| --..| |..-- ....| |......| |..| |.-- -...-- --.|...-----.------.| ----.--- ----.....--........| ----- |.....| ------ |.........--...-- ------..|..|)-- -.---- ...%.(%).---------..<.-... ..-----..........-...--..- - ------.)..)`........ ........----............(. ------------. ....----- ......... ....| ... ... ....| ---- Dictyostelium the Kunoichi St:16 Dx:17 Co:16 In:9 Wi:10 Ch:6 Lawful Dlvl:10 $:8 HP:0(71) Pw:32(32) AC:1 Xp:8/2351 T:4578 Latest messages: [HP -9, 20 left] The black unicorn kicks! [HP -4, 16 left] The black unicorn butts! [HP -1, 15 left] The black unicorn kicks! [HP -5, 10 left] It hits the black unicorn. It misses the black unicorn. The black unicorn misses it. The black unicorn misses it. Pick an object. What do you want to throw? [$b-eoBDFJLU or ?*] In what direction? The black unicorn catches the black gem. The black unicorn hesitatingly accepts your gift. The black unicorn vanishes! The queen bee stings! [HP -3, 7 left] The queen bee stings! [HP -3, 4 left] # What do you want to write with? [- a-fh-ko-ruvxB-FJ-LQTUY or ?*] You write in the dust with your fingertip. You hear some noises. The queen bee turns to flee. The horse hits the hill orc. The hill orc is killed! The queen bee turns to flee. You are not wearing an amulet. The horse picks up a hill orc corpse. The horse drops a hill orc corpse. You stop waiting. # Something is written here in the dust. You read: "Elbcrc??". You see no objects here. # What do you want to write with? [- a-fh-ko-ruvxB-FJ-LQTUY or ?*] Do you want to add to the current engraving? [ynq] (y) You wipe out the message that was written in the dust here. You write in the dust with your fingertip. The queen bee stings! [HP -6, 11 left] The queen bee stings! The queen bee's sting was poisoned! [HP -7, 4 left] You hear the howling of the CwnAnnwn... [HP -4, 0 left] You die... Inventory: Coins ('$') $ - 8 gold pieces Weapons (')') U - a blessed +1 arrow D - 18 uncursed +0 arrows o - 14 cursed rustproof +0 arrows B - 14 uncursed +0 crossbow bolts J - 7 uncursed +0 elven arrows d - 13 uncursed +0 ya (in quiver) c - an uncursed +0 yumi (alternate weapon; not wielded) F - 5 uncursed +0 darts L - 3 uncursed +0 daggers e - a blessed +2 orcish dagger a - an uncursed +0 katana (weapon in right hand) b - an uncursed +0 wakizashi Armor ('[') l - an uncursed +1 orcish helm (being worn) y - an uncursed +0 pair of iron shoes (being worn) G - a blessed rusty +0 orcish shield (being worn) A - an uncursed +0 dwarvish cloak (being worn) N - an uncursed +0 mummy wrapping I - an uncursed +0 orcish cloak X - an uncursed +0 elven mithril-coat (being worn) Comestibles ('%') W - an uncursed clove of garlic s - 3 uncursed cram rations z - an uncursed fortune cookie Scrolls ('?') V - 2 uncursed scrolls of identify Rings ('=') k - an uncursed ring of cold resistance h - an uncursed ring of free action (on left hand) i - an uncursed -1 ring of gain constitution p - an uncursed +2 ring of gain strength (on right hand) f - an uncursed ring of polymorph control v - an uncursed +0 ring of protection T - an uncursed ring of sustain ability Wands ('/') C - an uncursed wand of opening (0:4) K - a blessed wand of striking (0:0) r - an uncursed wand of striking (0:2) u - an uncursed wand of striking (0:0) Tools ('(') t - an empty uncursed bag of holding n - an uncursed leash Z - an uncursed skeleton key Gems/Stones ('*') Y - an uncursed garnet stone E - an uncursed jade stone j - 3 uncursed worthless pieces of blue glass q - an uncursed worthless piece of red glass Q - an uncursed worthless piece of violet glass x - an uncursed worthless piece of white glass Dictyostelium the Samurai's attributes: Background: You were a Kunoichi, a level 8 female human Samurai. You were lawful, on a mission for Amaterasu Omikami who was opposed by Raijin (neutral) and Susanowo (chaotic). You were right-handed. You were in the Gnomish Mines, on level 10. You entered the dungeon 4578 turns ago. You had 2351 experience points, 209 more were needed to attain level 9. Basics: You had 0 out of 71 hit points. You had all 32 energy points (spell power). Your armor class was 1. Your wallet contained 8 zorkmids. Autopickup was on for '$%?!"=/*' plus thrown, with exceptions. Final Characteristics: Your strength was 16 (base:14, peak:17, limit:18/100). Your dexterity was 17 (limit:18). Your constitution was 16 (peak:17, limit:18). Your intelligence was 9 (limit:18). Your wisdom was 10 (limit:18). Your charisma was 6 (limit:18). Final Status: You weren't hungry. You were unencumbered. You were wielding a long sword. You had expert skill with long sword. Final Attributes: You were piously aligned. Your items were somewhat protected from fire. Your items were somewhat protected from cold. You saw invisible. You were guarded. You were fast. You had free action. You were unlucky. You are dead. Miscellaneous: You never encountered a bones level. Total elapsed playing time was 1 hour, 31 minutes and 48 seconds. Major events: Turn 1: Dictyostelium the lawful female human Samurai entered the dungeon 311: attained the rank of Ronin (level 3) 656: entered the Gnomish Mines 924: attained the rank of Kunoichi (level 6) 1045: reached Mine Town 4578: killed by a queen bee Vanquished creatures: a sasquatch 2 winter wolf cubs a leprechaun 11 orc-captains a giant spider a black light an orc mummy an owlbear a gold golem a jaguar a snake 2 apes a rope golem 2 Woodland-elves a fire ant 3 Mordor orcs 4 Uruk-hai 8 orc shamans a rock mole 6 fog clouds a yellow light 11 gnome leaders 6 gnomish wizards a kobold mummy a gray ooze an elf zombie 6 giant ants 2 little dogs 3 dwarves 21 hill orcs a rothe an iguana an acid blob a hobbit 4 manes a hobgoblin 4 giant rats a red mold 36 gnomes 2 jackals a fox 2 kobolds 3 goblins 6 grid bugs 2 lichens a kobold zombie a newt 171 creatures vanquished. No species were genocided or became extinct. Voluntary challenges: You read items or engraved 11 times. You engraved Elbereth 1 time. You never genocided any monsters. You never polymorphed an object. You never changed form. You used no wishes. Achievements: You attained the rank of Ronin. You entered a shop. You entered the Gnomish Mines. You attained the rank of Kunoichi. You entered Minetown. The Dungeons of Doom: levels 1 to 3 Level 1: A fountain. Level 2: Level 3: Stairs down to The Gnomish Mines. The Gnomish Mines: levels 4 to 10 Level 4: Level 6: An altar to Amaterasu Omikami, some fountains. Level 7: Level 8: Level 9: Level 10: <- You were here. Final resting place for you, killed by a queen bee. Game over: ---------- / \ / REST \ / IN \ / PEACE \ / \ | Dictyostelium | | 8 Au | | killed by a | | queen bee | | | | | | 2024 | *| * * * | * _________)/\\_//(\/(/\)/\//\/|_)_______ Sayonara Dictyostelium the Samurai... You died in The Gnomish Mines on dungeon level 10 with 9932 points, and 8 pieces of gold, after 4578 moves. You were level 8 with a maximum of 71 hit points when you died.